 Dungeon Crawl Stone Soup version 0.29.1-1-gd02db6906a (webtiles) character file.

Game seed: 12855677783120167498

322 safid the Skirmisher (level 6, -9/51 HPs)
             Began as a Minotaur Hunter on Oct 14, 2022.
             Mangled by a yak (10 damage)
             ... on level 4 of the Dungeon.
             The game lasted 00:03:53 (3071 turns).

safid the Skirmisher (Minotaur Hunter)              Turns: 3071, Time: 00:03:53

Health: -9/51      AC:  4    Str: 16    XL:     6   Next: 22%
Magic:  5/5        EV: 12    Int:  6    God:
Gold:   156        SH:  0    Dex: 15    Spells: 5/5 levels left

rFire   . . .      SeeInvis .   a - +0 shortbow
rCold   . . .      Faith    .   (shield currently unavailable)
rNeg    . . .      Spirit   .   c - +0 leather armour
rPois   .          Reflect  .   (helmet restricted)
rElec   .          Harm     .   (no cloak)
rCorr   .          Rampage  .   (no gloves)
Will    +....                   m - +0 pair of boots
Stlth   +.........              (no amulet)
HPRegen 0.17/turn               h - ring of willpower
MPRegen 0.09/turn               (no ring)

@: about to teleport
A: horns 2, retaliatory headbutt
a: no special abilities


You were on level 4 of the Dungeon.
You visited 1 branch of the dungeon, and saw 4 of its levels.

You collected 156 gold pieces.

Inventory:

Hand Weapons
 a - a +0 shortbow (weapon)
Armour
 c - a +0 leather armour (worn)
 m - a +0 pair of boots (worn)
Jewellery
 h - a ring of willpower (left hand)
 p - a ring of poison resistance
Scrolls
 b - 2 scrolls of immolation
 d - 3 scrolls of amnesia {unknown}
 e - a scroll of silence {unknown}
 f - 2 scrolls of teleportation
 i - a scroll of summoning {unknown}
 k - a scroll of magic mapping {unknown}
 l - a scroll of enchant weapon {unknown}
 n - 2 scrolls of identify {unknown}
 q - a scroll of fear {unknown}
 u - a scroll of butterflies {unknown}
Potions
 g - 3 potions of curing {unknown}
 j - a potion of flight {unknown}
 o - a potion of brilliance {unknown}
 r - a potion of mutation {unknown}
 s - a potion of invisibility {unknown}
 t - a potion of lignification {unknown}


   Skills:
 - Level 3.0 Fighting
 + Level 8.1 Ranged Weapons
 - Level 2.1 Dodging
 - Level 0.7 Stealth


You had 5 spell levels left.
You didn't know any spells.
Your spell library contained the following spells:

 Spells                   Type           Power      Damage    Failure   Level
 Call Canine Familiar     Summ           0%         N/A       88%         3
 Portal Projectile        Hex/Tloc       0%         N/A       88%         3
 Leda's Liquefaction      Hex/Erth       0%         N/A       99%         4


Dungeon Overview and Level Annotations

Branches:
Dungeon (4/15)
 Temple: D:4-7

Altars:


Innate Abilities, Weirdness & Mutations

You have a pair of horns on your head.
You reflexively headbutt those who attack you in melee.


Message History

You resist with some effort.
A yak comes into view.
The yak bellows!
You shoot an arrow. The arrow barely misses the orc priest.
The orc priest invokes the aid of Beogh against you.
You resist with some effort.
You shoot an arrow.
The arrow closely misses the orc priest.
You hear a bellow!
You hear an angry hiss.
The orc priest invokes the aid of Beogh against you.
Pain shoots through your body!
You hear a bellow!
You shoot an arrow. The arrow hits the orc priest!
You kill the orc priest!
You shoot an arrow. The arrow barely misses the yak.
The yak misses you. You furiously retaliate!
You headbutt the yak! You shoot an arrow. The arrow hits the yak.
The yak is moderately wounded.
A yak comes into view.
The yak gores you but does no damage.
You shoot an arrow. The arrow completely misses the yak.
A yak comes into view.
The yak gores you. The yak attacks as you move away!
The yak closely misses you.
An iguana comes into view.
The iguana hisses angrily.
The yak gores you! The yak attacks as you move away! The yak gores you!
* * * LOW HITPOINT WARNING * * *
As you read the scroll labelled SEBISTR FEOTZ, it crumbles to dust.
You feel strangely unstable.
It was a scroll of teleportation.
The yak closely misses you. The yak attacks as you move away!
The yak misses you. The yak attacks as you move away! The yak gores you!
* * * LOW HITPOINT WARNING * * *
Your surroundings seem slightly different.
The yak snorts and paws the ground.
As you read the scroll of teleportation, it crumbles to dust.
You feel strangely unstable. The yak gores you!
You die...

##.####...# #........#
# #######...# . ...#
#.†.#####...
#.##.###§........#
#.#..............#
#.).l............#
...#)#.YYY..........#
.....).@#.#...#.##..#
..##.####.#...........
.. ... #.#...#.######
# .## #.......#
#.#...#.#


You could see 3 yaks and an iguana.

Vanquished Creatures
  A black bear (D:4)
  A bullfrog (D:3)
  An orc priest (D:4)
  Terence (D:3)
  5 adders
  A worm (D:2)
  A dart slug (D:3)
  12 orcs
  A bat (D:2)
  An endoplasm (D:1)
  A giant cockroach (D:2)
  5 goblins
  3 hobgoblins
  4 kobolds
  3 quokkas
  5 ball pythons
  4 frilled lizards
  4 rats
54 creatures vanquished.

Vanquished Creatures (others)
  A plant (D:1)
1 creature vanquished.

Grand Total: 55 creatures vanquished

Notes
Turn   | Place    | Note
-------+----------+-------------------------------------------
     0 | D:1      | safid the Minotaur Hunter began the quest for the Orb.
     0 | D:1      | Reached XP level 1. HP: 18/18 MP: 0/0
   394 | D:1      | Reached XP level 2. HP: 26/26 MP: 1/1
   851 | D:2      | Reached skill level 5 in Ranged Weapons
  1188 | D:2      | Found a faded altar of an unknown god.
  1232 | D:2      | Reached XP level 3. HP: 31/31 MP: 2/2
  1521 | D:3      | Noticed Terence
  1531 | D:3      | Killed Terence
  1532 | D:3      | Reached skill level 6 in Ranged Weapons
  1532 | D:3      | Reached XP level 4. HP: 33/38 MP: 3/3
  2005 | D:3      | Noticed a bullfrog
  2019 | D:3      | Killed a bullfrog
  2020 | D:3      | Reached skill level 7 in Ranged Weapons
  2020 | D:3      | Reached XP level 5. HP: 14/45 MP: 4/4
  2792 | D:4      | Noticed a black bear
  2807 | D:4      | Killed a black bear
  2808 | D:4      | Reached XP level 6. HP: 16/51 MP: 5/5
  3033 | D:4      | Reached skill level 8 in Ranged Weapons
  3058 | D:4      | Noticed a yak
  3063 | D:4      | Noticed a yak
  3064 | D:4      | Noticed a yak
  3070 | D:4      | HP: 1/51 [yak (9)]
  3071 | D:4      | Mangled by a yak

Illustrated notes

Levels and vault maps discovered:
D:1:      zaba_arrival_water, layout_loops_ring, serial_bayou_lagoon_b
D:2:      layout_loops_ring, hellmonk_ecumenical_altar_defaced_shrine,
          moated_statue
D:3:      layout_loops_ring, hangedman_decor_push, minmay_misc_feat_columns,
          hangedman_decor_growths, uniq_terence
D:4:      layout_loops_cross, minmay_misc_feat_encased

Skill      XL: |  1  2  3  4  5  6 |
---------------+-------------------+-----
Fighting       | 3 |  3.0
Ranged Weapons | 5 6 7 8 |  8.1
Dodging        | |  2.1
Stealth        | |  0.7

Action                   |  1- 3 |  4- 6 || total
-------------------------+-------+-------++-------
 Fire: Shortbow          |    82 |   105 ||   187
  Use: Potion            |       |     2 ||     2
       Scroll            |       |     2 ||     2
Armor: Leather armour    |     3 |    17 ||    20
Dodge: Dodged            |    14 |    39 ||    53
